Lightning vs Rangers
(R1)
Created - January 8, 2023 at 11:36
Goals
|
| Lightning |
0 |
2 |
2 |
4 |
| Rangers |
1 |
0 |
2 |
3 |
|
Shots
|
| Lightning |
3 |
9 |
8 |
20 |
| Rangers |
16 |
13 |
12 |
41 |
|
1st period
1. Rangers , Ryan Strome 8 (Cale Makar 22, Vince Dunn 7) at 9:07
Penalties :
No Penalty
2nd period
2. Lightning , Max Pacioretty 14 (Mark Scheifele 28) at 12:03 (PP)
3. Lightning , Mark Scheifele 17 (Brent Seabrook 16) at 12:24 (SH)
Penalties :
Stefan Noesen (NyR) for Hooking (Minor) at 12:01, Victor Hedman (T.B) for Tripping (Minor) at 12:06, Kasperi Kapanen (T.B) for Holding (Minor) at 18:25
3rd period
4. Rangers , Cale Makar 5 (Sean Couturier 17, Samuel Montembeault) at 4:12 (PP)
5. Rangers , Milan Lucic 11 (Sean Couturier 18) at 6:44
6. Lightning , Kasperi Kapanen 12 (Mark Scheifele 29, Max Pacioretty 15) at 12:08
7. Lightning , Sam Bennett 3 (Tyler Kennedy 9, Jimmy Vesey 8) at 15:59
Penalties :
Brendan Lemieux (T.B) for Hooking (Minor) at 3:27, Mark Scheifele (T.B) for Holding Stick (Minor) at 6:53, Max Pacioretty (T.B) for Roughing (Minor) at 17:33
Goalie Stats
Alex Nedeljkovic (T.B), 38 saves from 41 shots - (0.927), W, 15-5-2, 60:00 minutes
Samuel Montembeault (NyR), 16 saves from 20 shots - (0.800), L, 2-5-2, 60:00 minutes
Players Stats for Lightning
Player Name G A P +/- PIM S H SB GA TA FO MP PP MP PK MP
------------------------------------------------------------------------------------
Antoine Vermette 0 0 0 0 0 0 0 0 0 1 1/2 9:24 0:00 1:23
Brendan Lemieux 0 0 0 -1 2 0 4 1 0 0 0/1 15:44 0:00 2:05
Brent Seabrook 0 1 1 -1 0 0 2 1 0 1 0/0 22:42 0:00 5:48
Brock Boeser 0 0 0 -1 0 0 1 0 0 0 0/0 13:35 0:00 0:00
Jesper Fast 0 0 0 0 0 0 3 0 0 0 1/1 10:34 0:00 2:28
Jimmy Vesey 0 1 1 1 0 2 1 0 0 1 0/0 11:21 0:00 0:07
Jiri Fischer 0 0 0 1 0 0 1 1 0 0 0/0 15:25 0:00 2:53
John Carlson 0 0 0 2 0 1 2 0 2 2 0/0 27:44 0:02 5:48
Kasperi Kapanen 1 0 1 0 2 1 1 0 0 0 0/1 17:51 0:02 0:00
Mark Scheifele 1 2 3 1 2 2 0 3 1 0 19/34 22:49 0:02 4:32
Max Pacioretty 1 1 2 1 2 3 2 0 1 0 1/3 22:24 0:02 4:21
Nikita Tryamkin 0 0 0 1 0 1 1 0 0 0 0/0 13:39 0:00 0:36
Ondrej Palat 0 0 0 0 0 1 1 1 1 0 0/1 8:07 0:00 0:00
Sam Bennett 1 0 1 1 0 2 2 0 0 0 5/10 12:40 0:00 1:21
Shayne Gostisbehere 0 0 0 -2 0 0 2 2 0 0 0/0 16:51 0:00 0:00
Tyler Kennedy 0 1 1 1 0 3 2 0 0 1 0/1 13:06 0:00 1:05
Victor Hedman 0 0 0 1 2 1 1 2 2 2 0/0 23:43 0:02 2:17
Yanni Gourde 0 0 0 -1 0 3 0 0 0 0 2/8 13:35 0:00 0:00
Players Stats for Rangers
Player Name G A P +/- PIM S H SB GA TA FO MP PP MP PK MP
------------------------------------------------------------------------------------
Cale Makar 1 1 2 -1 0 3 1 1 1 1 0/0 25:36 5:20 0:00
Devante Smith-Pelly 0 0 0 -1 0 3 0 0 0 0 1/2 20:40 5:04 0:02
Dmitry Kulikov 0 0 0 0 0 0 0 0 0 0 0/0 15:34 0:00 0:00
Henrik Samuelsson 0 0 0 -1 0 2 1 0 1 0 4/11 11:54 0:00 0:00
Luke Schenn 0 0 0 0 0 1 2 1 0 1 0/0 22:59 3:21 0:02
Magnus Paajarvi 0 0 0 -1 0 2 0 1 0 0 0/0 11:54 0:00 0:00
Maxime Sauvé 0 0 0 0 0 3 1 0 0 1 3/3 9:05 0:00 0:00
Mikhail Sergachev 0 0 0 0 0 1 2 1 0 1 0/0 18:50 3:21 0:02
Milan Lucic 1 0 1 -1 0 8 1 1 1 1 1/3 21:00 5:04 0:00
Patrik Nemeth 0 0 0 0 0 0 1 1 0 0 0/0 15:34 0:00 0:00
Richard Panik 0 0 0 1 0 4 2 0 1 0 0/0 17:59 3:37 0:00
Ryan Dzingel 0 0 0 0 0 1 1 0 0 0 0/0 9:05 0:00 0:00
Ryan Strome 1 0 1 1 0 1 3 0 0 1 1/1 18:21 3:37 0:00
Sean Couturier 0 2 2 -1 0 5 0 1 1 0 19/34 21:02 5:04 0:02
Stefan Noesen 0 0 0 0 2 1 0 0 0 0 0/0 9:04 0:00 0:00
T.J Galiardi 0 0 0 -1 0 1 2 0 1 0 0/0 11:54 0:00 0:00
Tomas Hertl 0 0 0 1 0 5 3 1 1 1 4/8 17:59 3:37 0:00
Vince Dunn 0 1 1 -1 0 0 0 1 1 0 0/0 21:27 5:20 0:00
3 Stars
1 - Mark Scheifele (T.B)
2 - Max Pacioretty (T.B)
3 - Sam Bennett (T.B)
Power Play
Lightning - 1 on 1 Attempt(s) - 100.00%
Rangers - 1 on 5 Attempt(s) - 20.00%
Penalty Kill
Lightning - 4 on 5 Attempt(s) - 80.00%
- Score 1 goal in Penalty Kill
Rangers - 0 on 1 Attempt(s) - 0.00%
- Score 0 goal in Penalty Kill
Team Stat
Lightning - Hits : 26 - Faceoff Wins : 29 - Blocked Shots : 11 - Penalty Minutes : 10
Rangers - Hits : 20 - Faceoff Wins : 33 - Blocked Shots : 9 - Penalty Minutes : 2
Official
Referees : Mitch Dunning and Jon McIsaac
Linesman : Libor Suchanek and Shandor Alphonso
Game Notes
No Game Note
Finance
Level 1 -- Attendance: 5562 (92.70%) -- Ticket Income $556,200
Level 2 -- Attendance: 5000 (100.00%) -- Ticket Income $300,000
Level 3 -- Attendance: 1903 (95.15%) -- Ticket Income $66,605
Level 4 -- Attendance: 4000 (100.00%) -- Ticket Income $100,000
Luxury Box -- Attendance: 1000 (100.00%) -- Ticket Income $200,000
Game was played at the Madison Square Garden.
Total Attendance: 17465 (97.03%)
Total Ticket Income: $1,222,805
Other Income: $183,421
Total Income: $1,406,226
Lightning
5 vs 5 Forward
Center Left Wing Right Wing Time % Phy DF OF
1 Mark Scheifele Max Pacioretty Kasperi Kapanen 40 1 2 2
2 Yanni Gourde Brendan Lemieux Brock Boeser 30 1 2 2
3 Sam Bennett Jimmy Vesey Tyler Kennedy 20 1 2 2
4 Antoine Vermette Ondrej Palat Jesper Fast 10 1 2 2
5 vs 5 Defense
Defense Defense Time % Phy DF OF
1 John Carlson Victor Hedman 40 1 2 2
2 Shayne Gostisbehere Brent Seabrook 30 1 2 2
3 Jiri Fischer Nikita Tryamkin 20 1 2 2
4 John Carlson Victor Hedman 10 1 2 2
PowerPlay Forward
Center Left Wing Right Wing Time % Phy DF OF
1 Mark Scheifele Max Pacioretty Kasperi Kapanen 60 1 2 2
2 Yanni Gourde Brendan Lemieux Brock Boeser 40 1 1 3
PowerPlay Defense
Defense Defense Time % Phy DF OF
1 John Carlson Victor Hedman 60 1 2 2
2 Shayne Gostisbehere Brent Seabrook 40 1 2 2
Penalty Kill 4 Players Forward
Center Wing Time % Phy DF OF
1 Mark Scheifele Max Pacioretty 60 1 2 2
2 Sam Bennett Tyler Kennedy 40 1 2 2
Penalty Kill 4 Players Defense
Defense Defense Time % Phy DF OF
1 John Carlson Brent Seabrook 60 1 2 2
2 Jiri Fischer Victor Hedman 40 1 2 2
Penalty Kill - 3 Players Forward
Forward Time % Phy DF OF
1 Mark Scheifele 60 1 2 2
2 Max Pacioretty 40 1 2 2
Penalty Kill - 3 Players Defense
Defense Defense Time % Phy DF OF
1 John Carlson Brent Seabrook 60 1 2 2
2 Jiri Fischer Victor Hedman 40 1 2 2
4 vs 4 Forward
Center Wing Time % Phy DF OF
1 Mark Scheifele Max Pacioretty 60 1 2 2
2 Yanni Gourde Kasperi Kapanen 40 1 2 2
4 vs 4 Defense
Defense Defense Time % Phy DF OF
1 John Carlson Victor Hedman 60 1 2 2
2 Shayne Gostisbehere Brent Seabrook 40 1 2 2
Last Minutes Offensive
Center Left Wing Right Wing Defense Defense
Mark Scheifele Max Pacioretty Kasperi Kapanen John Carlson Victor Hedman
Last Minutes Defensive
Center Left Wing Right Wing Defense Defense
Mark Scheifele Max Pacioretty Tyler Kennedy John Carlson Brent Seabrook
Goaltenders
Starting : Alex Nedeljkovic
Backup : Jimmy Howard
Extra Forwards
Normal : Tyler Kennedy, Ondrej Palat, Jesper Fast - PP : Tyler Kennedy, Ondrej Palat - PK : Jesper Fast
Extra Defensemen
Normal : Shayne Gostisbehere, Nikita Tryamkin, Jiri Fischer - PP : Shayne Gostisbehere - PK : Jiri Fischer, Nikita Tryamkin
Penalty Shots
Mark Scheifele, Max Pacioretty, Yanni Gourde, Tyler Kennedy, Jimmy Vesey
Scratches
Alex Killorn (Healthy), Dave Bolland (Healthy), Jonathan Sigalet (Healthy), Scott Mayfield (Healthy)
Rangers
5 vs 5 Forward
Center Left Wing Right Wing Time % Phy DF OF
1 Sean Couturier Milan Lucic Devante Smith-Pelly 35 1 2 2
2 Tomas Hertl Richard Panik Ryan Strome 30 1 2 2
3 Henrik Samuelsson T.J Galiardi Magnus Paajarvi 20 1 2 2
4 Maxime Sauvé Ryan Dzingel Stefan Noesen 15 1 2 2
5 vs 5 Defense
Defense Defense Time % Phy DF OF
1 Luke Schenn Cale Makar 30 1 2 2
2 Vince Dunn Mikhail Sergachev 30 1 2 2
3 Dmitry Kulikov Patrik Nemeth 30 1 2 2
4 Luke Schenn Cale Makar 10 1 2 2
PowerPlay Forward
Center Left Wing Right Wing Time % Phy DF OF
1 Sean Couturier Milan Lucic Devante Smith-Pelly 60 1 1 3
2 Tomas Hertl Richard Panik Ryan Strome 40 1 1 3
PowerPlay Defense
Defense Defense Time % Phy DF OF
1 Cale Makar Vince Dunn 60 1 1 3
2 Luke Schenn Mikhail Sergachev 40 1 1 3
Penalty Kill 4 Players Forward
Center Wing Time % Phy DF OF
1 Sean Couturier Stefan Noesen 60 1 3 1
2 Maxime Sauvé T.J Galiardi 40 1 3 1
Penalty Kill 4 Players Defense
Defense Defense Time % Phy DF OF
1 Luke Schenn Mikhail Sergachev 60 1 3 1
2 Dmitry Kulikov Patrik Nemeth 40 1 3 1
Penalty Kill - 3 Players Forward
Forward Time % Phy DF OF
1 Sean Couturier 60 1 3 1
2 Maxime Sauvé 40 1 3 1
Penalty Kill - 3 Players Defense
Defense Defense Time % Phy DF OF
1 Luke Schenn Mikhail Sergachev 60 1 3 1
2 Dmitry Kulikov Patrik Nemeth 40 1 2 2
4 vs 4 Forward
Center Wing Time % Phy DF OF
1 Sean Couturier Milan Lucic 60 1 2 2
2 Tomas Hertl Devante Smith-Pelly 40 1 2 2
4 vs 4 Defense
Defense Defense Time % Phy DF OF
1 Dmitry Kulikov Patrik Nemeth 60 1 2 2
2 Luke Schenn Cale Makar 40 1 2 2
Last Minutes Offensive
Center Left Wing Right Wing Defense Defense
Sean Couturier Milan Lucic Ryan Strome Luke Schenn Cale Makar
Last Minutes Defensive
Center Left Wing Right Wing Defense Defense
Sean Couturier Milan Lucic Ryan Strome Luke Schenn Dmitry Kulikov
Goaltenders
Starting : Samuel Montembeault
Backup : Frederik Andersen
Extra Forwards
Normal : Devante Smith-Pelly, Richard Panik, T.J Galiardi - PP : Devante Smith-Pelly, Richard Panik - PK : Devante Smith-Pelly
Extra Defensemen
Normal : Cale Makar, Vince Dunn, Mikhail Sergachev - PP : Cale Makar - PK : Cale Makar, Vince Dunn
Penalty Shots
Milan Lucic, Sean Couturier, Tomas Hertl, Ryan Strome, Devante Smith-Pelly
Scratches
None
% Time on Ice - Lightning
Lines # - Real PCT - Wanted PCT - Time Play
Normal Forward
1 - 35% - 40% - 18:00
2 - 27% - 30% - 13:35
3 - 22% - 20% - 11:14
4 - 16% - 10% - 8:01
Normal Defense
1 - 37% - 40% - 18:48
2 - 34% - 30% - 17:21
3 - 24% - 20% - 12:02
4 - 5% - 10% - 2:39
PP Forward
1 - 100% - 60% - 0:02
2 - 0% - 40% - 0:00
PP Defense
1 - 100% - 60% - 0:02
2 - 0% - 40% - 0:00
PK Forward
1 - 88% - 60% - 7:36
2 - 12% - 40% - 1:05
PK Defense
1 - 67% - 60% - 5:48
2 - 33% - 40% - 2:53
PK3 Forward
1 - 0% - 60%
2 - 0% - 40%
PK3 Defense
1 - 0% - 60%
2 - 0% - 40%
44 Forward
1 - 0% - 60%
2 - 0% - 40%
44 Defense
1 - 0% - 60%
2 - 0% - 40%
Last Minute Offensive - 0:00
Last Minute Defensive - 0:27
Total
Forward - 60:00
Defense - 60:00
|
% Time on Ice - Rangers
Lines # - Real PCT - Wanted PCT - Time Play
Normal Forward
1 - 31% - 35% - 15:34
2 - 28% - 30% - 14:22
3 - 23% - 20% - 11:54
4 - 18% - 15% - 9:05
Normal Defense
1 - 30% - 30% - 15:27
2 - 30% - 30% - 15:27
3 - 31% - 30% - 15:34
4 - 9% - 10% - 4:27
PP Forward
1 - 58% - 60% - 5:04
2 - 42% - 40% - 3:37
PP Defense
1 - 61% - 60% - 5:20
2 - 39% - 40% - 3:21
PK Forward
1 - 100% - 60% - 0:02
2 - 0% - 40% - 0:00
PK Defense
1 - 100% - 60% - 0:02
2 - 0% - 40% - 0:00
PK3 Forward
1 - 0% - 60%
2 - 0% - 40%
PK3 Defense
1 - 0% - 60%
2 - 0% - 40%
44 Forward
1 - 0% - 60%
2 - 0% - 40%
44 Defense
1 - 0% - 60%
2 - 0% - 40%
Last Minute Offensive - 0:22
Last Minute Defensive - 0:00
Total
Forward - 60:00
Defense - 60:00
|
Play-by-Play
1st period
0:01 of 1st period - Mark Scheifele wins face-off versus Sean Couturier in neutral zone.
0:30 of 1st period - Cale Makar is hit by John Carlson and loses puck.
0:48 of 1st period - Icing by Luke Schenn.
0:49 of 1st period - Henrik Samuelsson wins face-off versus Sam Bennett in Rangers zone.
0:58 of 1st period - Wrist shot by Stefan Noesen.
0:58 of 1st period - Stopped by Alex Nedeljkovic without a rebound.
0:59 of 1st period - Maxime Sauvé wins face-off versus Ondrej Palat in Lightning zone.
1:10 of 1st period - Wrist shot by Ryan Dzingel.
1:10 of 1st period - Deflect By Jiri Fischer.
1:10 of 1st period - Shot Misses the Net.
1:10 of 1st period - Puck is out of play.
1:11 of 1st period - Henrik Samuelsson wins face-off versus Mark Scheifele in Lightning zone.
1:20 of 1st period - Off-side.
1:21 of 1st period - Mark Scheifele wins face-off versus Henrik Samuelsson in neutral zone.
2:43 of 1st period - Wrist shot by Magnus Paajarvi.
2:43 of 1st period - Stopped by Alex Nedeljkovic without a rebound.
2:44 of 1st period - Sean Couturier wins face-off versus Yanni Gourde in Lightning zone.
4:57 of 1st period - Snap shot by Ondrej Palat.
4:57 of 1st period - Shot Misses the Net.
5:15 of 1st period - Wrist shot by Sean Couturier.
5:15 of 1st period - Stopped by Alex Nedeljkovic without a rebound.
5:16 of 1st period - Sean Couturier wins face-off versus Mark Scheifele in Lightning zone.
5:25 of 1st period - Wrist shot by Milan Lucic.
5:25 of 1st period - Stopped by Alex Nedeljkovic with a rebound.
6:24 of 1st period - Patrik Nemeth is hit by Jesper Fast and loses puck.
7:04 of 1st period - Wrist shot by Milan Lucic.
7:04 of 1st period - Shot Misses the Net.
7:06 of 1st period - Wrist shot by Sean Couturier.
7:06 of 1st period - Shot Misses the Net.
7:08 of 1st period - Wrist shot by Devante Smith-Pelly.
7:08 of 1st period - Shot Misses the Net.
7:24 of 1st period - Brendan Lemieux is hit by Maxime Sauvé and loses puck.
7:51 of 1st period - Dmitry Kulikov is hit by Kasperi Kapanen and loses puck.
8:15 of 1st period - Milan Lucic is hit by Jesper Fast and loses puck.
8:39 of 1st period - Mikhail Sergachev is hit by Sam Bennett and loses puck.
8:56 of 1st period - Max Pacioretty is hit by Ryan Strome and loses puck.
9:05 of 1st period - Wrist shot by Ryan Strome.
9:05 of 1st period - Shot Misses the Net.
9:07 of 1st period - Wrist shot by Ryan Strome.
9:07 of 1st period - Goal by Ryan Strome - Lightning : 0 - Rangers : 1.
9:08 of 1st period - Sean Couturier wins face-off versus Brendan Lemieux in neutral zone.
9:13 of 1st period - Snap shot by Devante Smith-Pelly.
9:13 of 1st period - Deflect By Milan Lucic.
9:13 of 1st period - Stopped by Alex Nedeljkovic with a rebound.
10:00 of 1st period - Luke Schenn is hit by Sam Bennett.
10:01 of 1st period - Icing by Luke Schenn.
10:02 of 1st period - Maxime Sauvé wins face-off versus Yanni Gourde in Rangers zone.
10:13 of 1st period - Slapshot by Stefan Noesen.
10:13 of 1st period - Shot Blocked by Brendan Lemieux.
10:53 of 1st period - Jiri Fischer is hit by Richard Panik and loses puck.
11:33 of 1st period - Snap shot by Devante Smith-Pelly.
11:33 of 1st period - Stopped by Alex Nedeljkovic with a rebound.
11:35 of 1st period - Wrist shot by Sean Couturier.
11:35 of 1st period - Shot Misses the Net.
11:37 of 1st period - Slapshot by Milan Lucic.
11:37 of 1st period - Stopped by Alex Nedeljkovic with a rebound.
11:53 of 1st period - Wrist shot by Max Pacioretty.
11:53 of 1st period - Shot Blocked by Luke Schenn.
12:01 of 1st period - Wrist shot by Magnus Paajarvi.
12:01 of 1st period - Shot Misses the Net.
12:55 of 1st period - Wrist shot by Victor Hedman.
12:55 of 1st period - Shot Misses the Net.
13:13 of 1st period - Mark Scheifele is hit by T.J Galiardi and loses puck.
13:18 of 1st period - Wrist shot by Magnus Paajarvi.
13:18 of 1st period - Stopped by Alex Nedeljkovic with a rebound.
13:20 of 1st period - Wrist shot by T.J Galiardi.
13:20 of 1st period - Shot Blocked by Victor Hedman.
13:44 of 1st period - Snap shot by Ryan Strome.
13:44 of 1st period - Shot Misses the Net.
14:00 of 1st period - Slapshot by Victor Hedman.
14:00 of 1st period - Stopped by Samuel Montembeault with a rebound.
14:23 of 1st period - Snap shot by Milan Lucic.
14:23 of 1st period - Stopped by Alex Nedeljkovic without a rebound.
14:24 of 1st period - Mark Scheifele wins face-off versus Tomas Hertl in Lightning zone.
14:34 of 1st period - Snap shot by Ryan Strome.
14:34 of 1st period - Shot Misses the Net.
14:50 of 1st period - Devante Smith-Pelly is hit by Brendan Lemieux and loses puck.
14:59 of 1st period - Wrist shot by Milan Lucic.
14:59 of 1st period - Shot Blocked by Shayne Gostisbehere.
15:41 of 1st period - Snap shot by Maxime Sauvé.
15:41 of 1st period - Stopped by Alex Nedeljkovic without a rebound.
15:42 of 1st period - Sean Couturier wins face-off versus Mark Scheifele in Lightning zone.
16:07 of 1st period - Richard Panik is hit by Brendan Lemieux.
16:33 of 1st period - Nikita Tryamkin is hit by Mikhail Sergachev and loses puck.
17:30 of 1st period - Slapshot by Tomas Hertl.
17:30 of 1st period - Stopped by Alex Nedeljkovic with a rebound.
17:32 of 1st period - Snap shot by Cale Makar.
17:32 of 1st period - Shot Misses the Net.
17:34 of 1st period - Wrist shot by Tomas Hertl.
17:34 of 1st period - Shot Misses the Net.
17:36 of 1st period - Slapshot by Richard Panik.
17:36 of 1st period - Stopped by Alex Nedeljkovic without a rebound.
17:37 of 1st period - Sean Couturier wins face-off versus Yanni Gourde in Lightning zone.
18:04 of 1st period - Snap shot by Ryan Strome.
18:04 of 1st period - Deflect By Tomas Hertl.
18:04 of 1st period - Shot Blocked by Jiri Fischer.
18:04 of 1st period - Puck is out of play.
18:05 of 1st period - Mark Scheifele wins face-off versus Tomas Hertl in Lightning zone.
18:20 of 1st period - Wrist shot by Richard Panik.
18:20 of 1st period - Shot Misses the Net.
18:22 of 1st period - Snap shot by Tomas Hertl.
18:22 of 1st period - Deflect By Richard Panik.
18:22 of 1st period - Stopped by Alex Nedeljkovic with a rebound.
18:28 of 1st period - Snap shot by Tomas Hertl.
18:28 of 1st period - Deflect By Richard Panik.
18:28 of 1st period - Stopped by Alex Nedeljkovic without a rebound.
18:29 of 1st period - Sean Couturier wins face-off versus Yanni Gourde in Lightning zone.
19:02 of 1st period - Snap shot by Jimmy Vesey.
19:02 of 1st period - Stopped by Samuel Montembeault with a rebound.
19:04 of 1st period - Snap shot by John Carlson.
19:04 of 1st period - Stopped by Samuel Montembeault with a rebound.
19:26 of 1st period - Snap shot by Tomas Hertl.
19:26 of 1st period - Stopped by Alex Nedeljkovic with a rebound.
Goals for this period are 0 for Lightning vs 1 for Rangers.
Shots for this period are 3 for Lightning vs 16 for Rangers.
2nd period
0:01 of 2nd period - Sean Couturier wins face-off versus Mark Scheifele in neutral zone.
0:12 of 2nd period - Slapshot by Cale Makar.
0:12 of 2nd period - Stopped by Alex Nedeljkovic without a rebound.
0:13 of 2nd period - Milan Lucic wins face-off versus Mark Scheifele in Lightning zone.
0:38 of 2nd period - Ryan Strome is hit by Brock Boeser and loses puck.
0:45 of 2nd period - Wrist shot by Yanni Gourde.
0:45 of 2nd period - Stopped by Samuel Montembeault with a rebound.
0:58 of 2nd period - Off-side.
0:59 of 2nd period - Antoine Vermette wins face-off versus Henrik Samuelsson in neutral zone.
1:02 of 2nd period - Henrik Samuelsson is hit by Jesper Fast and loses puck.
1:29 of 2nd period - Snap shot by Devante Smith-Pelly.
1:29 of 2nd period - Stopped by Alex Nedeljkovic without a rebound.
1:30 of 2nd period - Mark Scheifele wins face-off versus Sean Couturier in Lightning zone.
1:36 of 2nd period - Wrist shot by Milan Lucic.
1:36 of 2nd period - Shot Blocked by Mark Scheifele.
2:14 of 2nd period - Snap shot by Devante Smith-Pelly.
2:14 of 2nd period - Stopped by Alex Nedeljkovic without a rebound.
2:15 of 2nd period - Yanni Gourde wins face-off versus Tomas Hertl in Lightning zone.
2:15 of 2nd period - Yanni Gourde is hit by Luke Schenn.
2:53 of 2nd period - Off-side.
2:54 of 2nd period - Tomas Hertl wins face-off versus Sam Bennett in neutral zone.
3:32 of 2nd period - Wrist shot by Max Pacioretty.
3:32 of 2nd period - Stopped by Samuel Montembeault with a rebound.
3:44 of 2nd period - Vince Dunn is hit by John Carlson and loses puck.
4:46 of 2nd period - Kasperi Kapanen is hit by Luke Schenn and loses puck.
5:15 of 2nd period - Jesper Fast is hit by Patrik Nemeth.
6:11 of 2nd period - Wrist shot by Brent Seabrook.
6:11 of 2nd period - Deflect By Max Pacioretty.
6:11 of 2nd period - Shot Misses the Net.
6:11 of 2nd period - Puck is out of play.
6:12 of 2nd period - Sean Couturier wins face-off versus Mark Scheifele in Rangers zone.
6:12 of 2nd period - Sean Couturier is hit by Max Pacioretty.
6:17 of 2nd period - Off-side.
6:18 of 2nd period - Sean Couturier wins face-off versus Mark Scheifele in neutral zone.
6:49 of 2nd period - Wrist shot by Yanni Gourde.
6:49 of 2nd period - Stopped by Samuel Montembeault with a rebound.
6:55 of 2nd period - John Carlson is hit by Ryan Strome and loses puck.
7:07 of 2nd period - Icing by Tyler Kennedy.
7:08 of 2nd period - Maxime Sauvé wins face-off versus Sam Bennett in Lightning zone.
7:19 of 2nd period - Wrist shot by Tyler Kennedy.
7:19 of 2nd period - Stopped by Samuel Montembeault without a rebound.
7:20 of 2nd period - Sean Couturier wins face-off versus Mark Scheifele in Rangers zone.
7:47 of 2nd period - Shayne Gostisbehere is hit by Richard Panik and loses puck.
7:56 of 2nd period - Slapshot by Nikita Tryamkin.
7:56 of 2nd period - Deflect By Luke Schenn.
7:56 of 2nd period - Stopped by Samuel Montembeault without a rebound.
7:57 of 2nd period - Mark Scheifele wins face-off versus Henrik Samuelsson in Rangers zone.
8:06 of 2nd period - Snap shot by T.J Galiardi.
8:06 of 2nd period - Shot Misses the Net.
8:22 of 2nd period - Icing by Patrik Nemeth.
8:23 of 2nd period - Yanni Gourde wins face-off versus Henrik Samuelsson in Rangers zone.
8:32 of 2nd period - Slapshot by Magnus Paajarvi.
8:32 of 2nd period - Shot Misses the Net.
8:34 of 2nd period - Snap shot by T.J Galiardi.
8:34 of 2nd period - Stopped by Alex Nedeljkovic with a rebound.
8:36 of 2nd period - Snap shot by T.J Galiardi.
8:36 of 2nd period - Deflect By Magnus Paajarvi.
8:36 of 2nd period - Shot Misses the Net.
8:36 of 2nd period - Puck is out of play.
8:37 of 2nd period - Sean Couturier wins face-off versus Max Pacioretty in Lightning zone.
8:42 of 2nd period - Snap shot by Sean Couturier.
8:42 of 2nd period - Stopped by Alex Nedeljkovic without a rebound.
8:43 of 2nd period - Mark Scheifele wins face-off versus Sean Couturier in Lightning zone.
9:11 of 2nd period - Icing by Sean Couturier.
9:12 of 2nd period - Sean Couturier wins face-off versus Sam Bennett in Rangers zone.
9:21 of 2nd period - Wrist shot by Sam Bennett.
9:21 of 2nd period - Stopped by Samuel Montembeault with a rebound.
9:23 of 2nd period - Slapshot by Tyler Kennedy.
9:23 of 2nd period - Stopped by Samuel Montembeault with a rebound.
9:25 of 2nd period - Slapshot by Shayne Gostisbehere.
9:25 of 2nd period - Shot Misses the Net.
9:37 of 2nd period - Wrist shot by Ryan Strome.
9:37 of 2nd period - Shot Misses the Net.
9:48 of 2nd period - Slapshot by Cale Makar.
9:48 of 2nd period - Deflect By Richard Panik.
9:48 of 2nd period - Shot Misses the Net.
9:48 of 2nd period - Puck is out of play.
9:49 of 2nd period - Henrik Samuelsson wins face-off versus Yanni Gourde in Lightning zone.
10:30 of 2nd period - Wrist shot by Ryan Strome.
10:30 of 2nd period - Shot Blocked by Mark Scheifele.
10:32 of 2nd period - Wrist shot by Richard Panik.
10:32 of 2nd period - Stopped by Alex Nedeljkovic without a rebound.
10:33 of 2nd period - Sam Bennett wins face-off versus Sean Couturier in Lightning zone.
10:51 of 2nd period - Cale Makar is hit by Tyler Kennedy and loses puck.
11:24 of 2nd period - Snap shot by Mark Scheifele.
11:24 of 2nd period - Shot Misses the Net.
11:32 of 2nd period - Brent Seabrook is hit by Henrik Samuelsson and loses puck.
12:01 of 2nd period - Minor Penalty to Stefan Noesen for Hooking.
12:02 of 2nd period - Mark Scheifele wins face-off versus Sean Couturier in Rangers zone.
12:03 of 2nd period - Snap shot by Max Pacioretty.
12:03 of 2nd period - Goal by Max Pacioretty - Lightning : 1 - Rangers : 1.
12:04 of 2nd period - Mark Scheifele wins face-off versus Sean Couturier in neutral zone.
12:06 of 2nd period - Minor Penalty to Victor Hedman for Tripping.
12:07 of 2nd period - Mark Scheifele wins face-off versus Milan Lucic in Lightning zone.
12:16 of 2nd period - Wrist shot by Mark Scheifele.
12:16 of 2nd period - Shot Misses the Net.
12:24 of 2nd period - Snap shot by Mark Scheifele.
12:24 of 2nd period - Goal by Mark Scheifele - Lightning : 2 - Rangers : 1.
12:25 of 2nd period - Mark Scheifele wins face-off versus Sean Couturier in neutral zone.
12:36 of 2nd period - Snap shot by Milan Lucic.
12:36 of 2nd period - Stopped by Alex Nedeljkovic with a rebound.
12:58 of 2nd period - Snap shot by Ryan Strome.
12:58 of 2nd period - Shot Misses the Net.
14:06 of 2nd period - Penalty to Victor Hedman is over, Victor Hedman is back on ice.
15:24 of 2nd period - Wrist shot by Ryan Dzingel.
15:24 of 2nd period - Stopped by Alex Nedeljkovic with a rebound.
16:03 of 2nd period - Devante Smith-Pelly is hit by Brendan Lemieux and loses puck.
16:25 of 2nd period - Wrist shot by Tyler Kennedy.
16:25 of 2nd period - Deflect By Cale Makar.
16:25 of 2nd period - Shot Misses the Net.
16:25 of 2nd period - Puck is out of play.
16:26 of 2nd period - Tomas Hertl wins face-off versus Mark Scheifele in Rangers zone.
16:40 of 2nd period - Mark Scheifele is hit by Tomas Hertl and loses puck.
16:59 of 2nd period - Snap shot by Milan Lucic.
16:59 of 2nd period - Stopped by Alex Nedeljkovic with a rebound.
17:25 of 2nd period - Wrist shot by Henrik Samuelsson.
17:25 of 2nd period - Stopped by Alex Nedeljkovic without a rebound.
17:26 of 2nd period - Ryan Strome wins face-off versus Mark Scheifele in Lightning zone.
17:37 of 2nd period - Snap shot by Tomas Hertl.
17:37 of 2nd period - Deflect By Brent Seabrook.
17:37 of 2nd period - Shot Blocked by Shayne Gostisbehere.
17:37 of 2nd period - Puck is out of play.
17:38 of 2nd period - Mark Scheifele wins face-off versus Milan Lucic in Lightning zone.
18:03 of 2nd period - Tomas Hertl is hit by Brendan Lemieux and loses puck.
18:12 of 2nd period - Slapshot by Yanni Gourde.
18:12 of 2nd period - Deflect By Brendan Lemieux.
18:12 of 2nd period - Shot Misses the Net.
18:12 of 2nd period - Puck is out of play.
18:13 of 2nd period - Devante Smith-Pelly wins face-off versus Mark Scheifele in Rangers zone.
18:22 of 2nd period - Wrist shot by Sean Couturier.
18:22 of 2nd period - Stopped by Alex Nedeljkovic without a rebound.
18:23 of 2nd period - Max Pacioretty wins face-off versus Sean Couturier in Lightning zone.
18:25 of 2nd period - Minor Penalty to Kasperi Kapanen for Holding.
18:26 of 2nd period - Sean Couturier wins face-off versus Mark Scheifele in Lightning zone.
18:30 of 2nd period - Slapshot by Cale Makar.
18:30 of 2nd period - Shot Blocked by Mark Scheifele.
18:52 of 2nd period - Snap shot by Tomas Hertl.
18:52 of 2nd period - Stopped by Alex Nedeljkovic with a rebound.
18:54 of 2nd period - Snap shot by Mikhail Sergachev.
18:54 of 2nd period - Deflect By Max Pacioretty.
18:54 of 2nd period - Stopped by Alex Nedeljkovic without a rebound.
18:55 of 2nd period - Tomas Hertl wins face-off versus Mark Scheifele in Lightning zone.
19:39 of 2nd period - Slapshot by Cale Makar.
19:39 of 2nd period - Shot Blocked by Brent Seabrook.
19:53 of 2nd period - John Carlson is hit by Milan Lucic and loses puck.
Goals for this period are 2 for Lightning vs 0 for Rangers.
Shots for this period are 9 for Lightning vs 13 for Rangers.
3rd period
0:01 of 3rd period - Mark Scheifele wins face-off versus Sean Couturier in neutral zone.
0:25 of 3rd period - Penalty to Kasperi Kapanen is over, Kasperi Kapanen is back on ice.
0:52 of 3rd period - Cale Makar is hit by Jimmy Vesey and loses puck.
1:43 of 3rd period - Wrist shot by Mark Scheifele.
1:43 of 3rd period - Shot Misses the Net.
1:45 of 3rd period - Snap shot by Mark Scheifele.
1:45 of 3rd period - Shot Misses the Net.
2:05 of 3rd period - Vince Dunn is hit by Brent Seabrook and loses puck.
2:39 of 3rd period - Kasperi Kapanen is hit by Ryan Dzingel and loses puck.
2:48 of 3rd period - Wrist shot by Ryan Dzingel.
2:48 of 3rd period - Deflect By Maxime Sauvé.
2:48 of 3rd period - Stopped by Alex Nedeljkovic with a rebound.
2:50 of 3rd period - Snap shot by Stefan Noesen.
2:50 of 3rd period - Deflect By Maxime Sauvé.
2:50 of 3rd period - Stopped by Alex Nedeljkovic with a rebound.
3:27 of 3rd period - Minor Penalty to Brendan Lemieux for Hooking.
3:28 of 3rd period - Mark Scheifele wins face-off versus Sean Couturier in Lightning zone.
3:41 of 3rd period - Wrist shot by Milan Lucic.
3:41 of 3rd period - Shot Misses the Net.
3:43 of 3rd period - Slapshot by Luke Schenn.
3:43 of 3rd period - Shot Misses the Net.
3:53 of 3rd period - Mark Scheifele is hit by Tomas Hertl and loses puck.
4:00 of 3rd period - Snap shot by Tomas Hertl.
4:00 of 3rd period - Stopped by Alex Nedeljkovic without a rebound.
4:01 of 3rd period - Mark Scheifele wins face-off versus Sean Couturier in Lightning zone.
4:10 of 3rd period - Slapshot by Cale Makar.
4:10 of 3rd period - Stopped by Alex Nedeljkovic with a rebound.
4:12 of 3rd period - Slapshot by Cale Makar.
4:12 of 3rd period - Goal by Cale Makar - Lightning : 2 - Rangers : 2.
4:13 of 3rd period - Sean Couturier wins face-off versus Mark Scheifele in neutral zone.
4:49 of 3rd period - Luke Schenn is hit by Brent Seabrook and loses puck.
5:06 of 3rd period - Jimmy Vesey is hit by T.J Galiardi and loses puck.
5:32 of 3rd period - Snap shot by Ryan Dzingel.
5:32 of 3rd period - Shot Blocked by Ondrej Palat.
5:51 of 3rd period - Sean Couturier is hit by Nikita Tryamkin.
5:55 of 3rd period - Slapshot by Kasperi Kapanen.
5:55 of 3rd period - Shot Misses the Net.
6:14 of 3rd period - Icing by Patrik Nemeth.
6:15 of 3rd period - Mark Scheifele wins face-off versus Tomas Hertl in Rangers zone.
6:42 of 3rd period - Snap shot by Tomas Hertl.
6:42 of 3rd period - Stopped by Alex Nedeljkovic without a rebound.
6:43 of 3rd period - Sean Couturier wins face-off versus Yanni Gourde in Lightning zone.
6:44 of 3rd period - Slapshot by Milan Lucic.
6:44 of 3rd period - Goal by Milan Lucic - Lightning : 2 - Rangers : 3.
6:45 of 3rd period - Sean Couturier wins face-off versus Mark Scheifele in neutral zone.
6:53 of 3rd period - Minor Penalty to Mark Scheifele for Holding Stick.
6:54 of 3rd period - Jesper Fast wins face-off versus Sean Couturier in Lightning zone.
7:59 of 3rd period - Mikhail Sergachev is hit by Jiri Fischer and loses puck.
8:53 of 3rd period - Penalty to Mark Scheifele is over, Mark Scheifele is back on ice.
9:07 of 3rd period - Wrist shot by Jimmy Vesey.
9:07 of 3rd period - Shot Blocked by Mikhail Sergachev.
10:29 of 3rd period - Wrist shot by Max Pacioretty.
10:29 of 3rd period - Shot Blocked by Patrik Nemeth.
11:16 of 3rd period - Vince Dunn is hit by Max Pacioretty and loses puck.
11:29 of 3rd period - Slapshot by Shayne Gostisbehere.
11:29 of 3rd period - Shot Blocked by Tomas Hertl.
11:31 of 3rd period - Wrist shot by Brendan Lemieux.
11:31 of 3rd period - Shot Hit the Post.
11:33 of 3rd period - Slapshot by Brent Seabrook.
11:33 of 3rd period - Shot Misses the Net.
11:40 of 3rd period - Icing by Tomas Hertl.
11:41 of 3rd period - Henrik Samuelsson wins face-off versus Antoine Vermette in Rangers zone.
11:50 of 3rd period - Snap shot by Henrik Samuelsson.
11:50 of 3rd period - Deflect By T.J Galiardi.
11:50 of 3rd period - Shot Blocked by Victor Hedman.
11:50 of 3rd period - Puck is out of play.
11:51 of 3rd period - Mark Scheifele wins face-off versus Sean Couturier in Lightning zone.
11:56 of 3rd period - Snap shot by Max Pacioretty.
11:56 of 3rd period - Shot Misses the Net.
11:58 of 3rd period - Snap shot by Kasperi Kapanen.
11:58 of 3rd period - Shot Blocked by Cale Makar.
12:00 of 3rd period - Snap shot by Victor Hedman.
12:00 of 3rd period - Shot Blocked by Sean Couturier.
12:02 of 3rd period - Backhand shot by Max Pacioretty.
12:02 of 3rd period - Stopped by Samuel Montembeault with a rebound.
12:08 of 3rd period - Slapshot by Kasperi Kapanen.
12:08 of 3rd period - Goal by Kasperi Kapanen - Lightning : 3 - Rangers : 3.
12:09 of 3rd period - Sean Couturier wins face-off versus Max Pacioretty in neutral zone.
12:14 of 3rd period - Luke Schenn is hit by Victor Hedman and loses puck.
13:04 of 3rd period - Slapshot by Luke Schenn.
13:04 of 3rd period - Stopped by Alex Nedeljkovic without a rebound.
13:05 of 3rd period - Sam Bennett wins face-off versus Henrik Samuelsson in Lightning zone.
13:07 of 3rd period - Icing by Jimmy Vesey.
13:08 of 3rd period - Sam Bennett wins face-off versus Henrik Samuelsson in Lightning zone.
14:07 of 3rd period - Slapshot by Henrik Samuelsson.
14:07 of 3rd period - Shot Misses the Net.
14:09 of 3rd period - Wrist shot by Henrik Samuelsson.
14:09 of 3rd period - Stopped by Alex Nedeljkovic without a rebound.
14:10 of 3rd period - Mark Scheifele wins face-off versus Devante Smith-Pelly in Lightning zone.
14:36 of 3rd period - Luke Schenn is hit by Ondrej Palat and loses puck.
14:49 of 3rd period - Wrist shot by Ondrej Palat.
14:49 of 3rd period - Stopped by Samuel Montembeault without a rebound.
14:50 of 3rd period - Tomas Hertl wins face-off versus Kasperi Kapanen in Rangers zone.
14:50 of 3rd period - Tomas Hertl is hit by Shayne Gostisbehere.
15:51 of 3rd period - Wrist shot by Tyler Kennedy.
15:51 of 3rd period - Shot Blocked by Vince Dunn.
15:53 of 3rd period - Snap shot by Tyler Kennedy.
15:53 of 3rd period - Shot Blocked by Magnus Paajarvi.
15:55 of 3rd period - Slapshot by Sam Bennett.
15:55 of 3rd period - Shot Misses the Net.
15:57 of 3rd period - Wrist shot by Tyler Kennedy.
15:57 of 3rd period - Stopped by Samuel Montembeault with a rebound.
15:59 of 3rd period - Snap shot by Sam Bennett.
15:59 of 3rd period - Goal by Sam Bennett - Lightning : 4 - Rangers : 3.
16:00 of 3rd period - Sam Bennett wins face-off versus Sean Couturier in neutral zone.
16:11 of 3rd period - Jimmy Vesey is hit by Cale Makar and loses puck.
16:35 of 3rd period - Snap shot by Mark Scheifele.
16:35 of 3rd period - Stopped by Samuel Montembeault with a rebound.
16:55 of 3rd period - Snap shot by Yanni Gourde.
16:55 of 3rd period - Stopped by Samuel Montembeault without a rebound.
16:56 of 3rd period - Sam Bennett wins face-off versus Henrik Samuelsson in Rangers zone.
16:59 of 3rd period - Wrist shot by Jimmy Vesey.
16:59 of 3rd period - Stopped by Samuel Montembeault without a rebound.
17:00 of 3rd period - Sean Couturier wins face-off versus Sam Bennett in Rangers zone.
17:00 of 3rd period - Sean Couturier is hit by Tyler Kennedy.
17:07 of 3rd period - Cale Makar is hit by Shayne Gostisbehere and loses puck.
17:12 of 3rd period - Snap shot by Sean Couturier.
17:12 of 3rd period - Stopped by Alex Nedeljkovic with a rebound.
17:33 of 3rd period - Minor Penalty to Max Pacioretty for Roughing.
17:34 of 3rd period - Mark Scheifele wins face-off versus Sean Couturier in Lightning zone.
17:44 of 3rd period - Slapshot by Cale Makar.
17:44 of 3rd period - Deflect By Sean Couturier.
17:44 of 3rd period - Stopped by Alex Nedeljkovic with a rebound.
17:46 of 3rd period - Slapshot by Cale Makar.
17:46 of 3rd period - Deflect By Milan Lucic.
17:46 of 3rd period - Stopped by Alex Nedeljkovic with a rebound.
18:06 of 3rd period - Brendan Lemieux is hit by Ryan Strome and loses puck.
18:32 of 3rd period - Off-side.
18:33 of 3rd period - Sean Couturier wins face-off versus Tyler Kennedy in neutral zone.
18:36 of 3rd period - Brent Seabrook is hit by Mikhail Sergachev and loses puck.
19:05 of 3rd period - Jesper Fast is hit by Tomas Hertl and loses puck.
19:33 of 3rd period - Penalty to Max Pacioretty is over, Max Pacioretty is back on ice.
19:54 of 3rd period - Wrist shot by Mark Scheifele.
19:54 of 3rd period - Shot Blocked by Milan Lucic.
Goals for this period are 2 for Lightning vs 2 for Rangers.
Shots for this period are 8 for Lightning vs 12 for Rangers.